[Event "Titled Tuesday Blitz December 06 Late 2022"]
[White "Drozdowski, Kacper"]
[Black "Petrovic, Aleksa"]
[WhiteFideId "1136720"]
[BlackFideId "967629"]
[WhiteElo "2486"]
[BlackElo "2230"]
[Result "1-0"]
[Round "01"]
[TimeControl "180+1"]
[Date "2022.12.06"]
[WhiteClock "0:00:07"]
[BlackClock "0:00:02"]

1. e4 c6 2. d4 d5 3. Nc3 dxe4 4. Nxe4 Bf5 5. Ng3 Bg6 6. Nh3 Nf6 7. Nf4 e5 8. Nxg6 hxg6 9. dxe5 Qa5+ 10. Bd2 Qxe5+ 11. Qe2 Nbd7 12. O-O-O Qxe2 13. Bxe2 Bc5 14. f4 O-O-O 15. Bf3 Nb6 16. b3 Nbd5 17. c4 Nb4 18. Bxb4 Bxb4 19. Ne2 Rxd1+ 20. Kxd1 Rd8+ 21. Kc1 Rd2 22. a3 Ra2 23. Kb1 Rxa3 24. Kb2 Nd7 25. Nd4 Nc5 26. Rd1 a5 27. Bg4+ Kc7 28. f5 gxf5 29. Bxf5 a4 30. Bc2 axb3 31. Bxb3 Nxb3 32. Nxb3 Ra8 33. Rf1 f6 34. Rf3 Rh8 35. h3 Re8 36. Nd4 Bc5 37. Nb3 Re2+ 38. Kc3 Bd6 39. g4 b5 40. cxb5 cxb5 41. Kd3 Re5 42. Nd4 b4 43. Nf5 Bf8 44. Kc4 Kd7 45. Rd3+ Ke6 46. Nd4+ Kf7 47. Kb3 Rd5 48. Kc4 Rd7 49. Rf3 Be7 50. Nf5 Bf8 51. h4 Ra7 52. h5 Ra3 53. Rf1 b3 54. Rb1 Ra4+ 55. Kxb3 Rxg4 56. Rh1 Rg5 57. Nd4 Rd5 58. Kc4 Rc5+ 59. Kd3 Rg5 60. Ke4 Kg8 61. Nf3 Rg4+ 62. Kf5 Ra4 63. Rd1 Kh7 64. Rd8 Ra5+ 65. Kg4 Ba3 66. Rc8 Bc1 67. Rxc1 Ra4+ 68. Kg3 Ra5 69. Kg4 g6 70. Rc7+ Kh6 71. hxg6 1-0


[Site "https://www.chess.com"]

[Event "Titled Tuesday Blitz December 06 Late 2022"]
[White "Dylag, Emilia"]
[Black "Boyer, Mahel"]
[WhiteFideId "21805172"]
[BlackFideId "45102422"]
[WhiteElo "1878"]
[BlackElo "2455"]
[Result "0-1"]
[Round "01"]
[TimeControl "180+1"]
[Date "2022.12.07"]
[WhiteClock "0:01:32"]
[BlackClock "0:01:05"]

1. d4 e6 2. c4 c5 3. d5 exd5 4. cxd5 Nf6 5. Nc3 g6 6. g3 Bg7 7. Bg2 O-O 8. Nf3 Re8 9. O-O d6 10. Bf4 Bf5 11. Nd2 Nh5 12. e4 Nxf4 13. gxf4 Bc8 14. a4 Qh4 15. Qf3 Bh6 16. Qg3 Qxf4 17. Qxf4 Bxf4 18. Nc4 Bd7 19. Nb5 Bxb5 20. axb5 Nd7 21. Ra3 Nb6 22. b3 Nxc4 23. bxc4 a5 24. bxa6 Rxa6 25. Rb3 b6 26. Rfb1 Rb8 27. Bh3 Be5 28. Bd7 Bd4 29. Kg2 Ra2 30. Rxb6 Rxf2+ 31. Kg3 Rxb6 32. Rxb6 Rc2 33. Rxd6 Be5+ 34. Kf3 Bxd6 0-1


[Site "https://www.chess.com"]

[Event "Titled Tuesday Blitz December 06 Late 2022"]
[White "Dzierzak, Radoslaw"]
[Black "Abdrlauf, Elham"]
[WhiteFideId "1161407"]
[BlackFideId "1533533"]
[WhiteElo "2111"]
[BlackElo "2454"]
[Result "1-0"]
[Round "01"]
[TimeControl "180+1"]
[Date "2022.12.07"]
[WhiteClock "0:00:08"]
[BlackClock "0:00:04"]

1. e4 c5 2. Nf3 Nc6 3. d4 cxd4 4. Nxd4 e5 5. Nb5 a6 6. N5c3 Nf6 7. g3 h5 8. h3 d6 9. Bg2 Be6 10. Nd5 Be7 11. Nbc3 Bxd5 12. Nxd5 Nxd5 13. exd5 Nb8 14. Be3 Nd7 15. Qd2 h4 16. g4 Rc8 17. b3 b5 18. a4 O-O 19. O-O Nc5 20. axb5 axb5 21. Qa5 Qe8 22. Qb4 Qd8 23. Qxb5 Bg5 24. Qe2 Bf4 25. b4 Nd7 26. c4 f5 27. gxf5 Rxf5 28. Qg4 Rg5 29. Qe6+ Kh8 30. Ra7 Nf6 31. Kh1 Nh5 32. Rd7 Qf8 33. Rf7 Qg8 34. Bf3 Re8 35. Qd7 Nf6 36. Qb7 Bxe3 37. fxe3 Rg3 38. Bg2 Qh7 39. R1xf6 Qb1+ 40. Rf1 Qg6 41. R7f2 Kh7 42. Qf7 Qg5 43. Qf5+ Qxf5 44. Rxf5 Ra8 45. R5f3 Rg5 46. R3f2 Ra3 47. Be4+ Kh6 48. Rg2 Rxe3 49. Rxg5 Kxg5 50. Bg2 Rc3 51. Rb1 Rxc4 52. b5 Rb4 53. Rxb4 1-0


[Site "https://www.chess.com"]

[Event "Titled Tuesday Blitz December 06 Late 2022"]
[White "Espinosa, Pedro"]
[Black "Cuevas Araya, Walter"]
[WhiteFideId "30921066"]
[BlackFideId "3405028"]
[WhiteElo "2016"]
[BlackElo "1957"]
[Result "0-1"]
[Round "01"]
[TimeControl "180+1"]
[Date "2022.12.07"]
[WhiteClock "0:00:01"]
[BlackClock "0:00:21"]

1. d4 Nf6 2. c4 g6 3. Nc3 d5 4. Nf3 Bg7 5. Qb3 dxc4 6. Qxc4 O-O 7. e4 c5 8. dxc5 Be6 9. Qb4 Qc8 10. Be2 Nc6 11. Qa4 Ng4 12. O-O Nce5 13. h3 Nxf3+ 14. Bxf3 Ne5 15. Be2 Qxc5 16. Be3 Qc6 17. Bb5 Qc8 18. Rfd1 a6 19. Bf1 b5 20. Qb4 Nc4 21. Bxc4 Bxc4 22. Qxe7 Re8 23. Qh4 Qb7 24. Nd5 Bxd5 25. Rxd5 Bxb2 26. Rad1 Bg7 27. Qf4 Qb8 28. Qf3 Qc8 29. Rd7 Qc4 30. R1d5 Rf8 31. Bc5 Qxa2 32. Bxf8 Rxf8 33. Rd8 Qa1+ 34. Kh2 Be5+ 35. g3 Qb2 36. Rxf8+ Kxf8 37. Rd7 Qa2 38. h4 h5 39. Rd5 Qb2 40. Rd8+ Kg7 41. Rd7 Qa2 42. Rd5 Ba1 43. Kg2 b4 44. Rd7 Qe6 45. Rb7 Bc3 46. Qe3 a5 47. Rb6 Qe5 48. Ra6 Qd4 49. Qf3 Qc4 50. Ra7 b3 51. Rb7 b2 52. e5 Bxe5 53. Kh2 Qe6 54. Qe3 Bf6 55. Qf3 Qf5 56. Qg2 a4 0-1


[Site "https://www.chess.com"]

[Event "Titled Tuesday Blitz December 06 Late 2022"]
[White "Estrada Nieto, Julian"]
[Black "Maghsoodloo, Parham"]
[WhiteFideId "5101018"]
[BlackFideId "12539929"]
[WhiteElo "2195"]
[BlackElo "2672"]
[Result "0-1"]
[Round "01"]
[TimeControl "180+1"]
[Date "2022.12.06"]
[WhiteClock "0:00:11"]
[BlackClock "0:01:11"]

1. e4 c6 2. d4 d5 3. Nd2 dxe4 4. Nxe4 Bf5 5. Ng3 Bg6 6. h4 h6 7. Nf3 Nd7 8. h5 Bh7 9. Bd3 Bxd3 10. Qxd3 e6 11. Bd2 Bd6 12. Ne4 Be7 13. O-O-O Ngf6 14. Nxf6+ Nxf6 15. Ne5 a5 16. Qg3 Rg8 17. c4 a4 18. Bc3 Qb6 19. Rhe1 Bb4 20. c5 Qb5 21. Bxb4 Qxb4 22. Nxf7 Qc4+ 23. Kb1 Kxf7 24. Qc7+ Kf8 25. Qd6+ Kf7 26. Qc7+ Ke8 27. Qxb7 Rd8 28. Qxc6+ Kf7 0-1


[Site "https://www.chess.com"]

[Event "Titled Tuesday Blitz December 06 Late 2022"]
[White "Fernandez Siles, Luis"]
[Black "Rastbod, Ali"]
[WhiteFideId "2209420"]
[BlackFideId "12567477"]
[WhiteElo "2186"]
[BlackElo "2223"]
[Result "0-1"]
[Round "01"]
[TimeControl "180+1"]
[Date "2022.12.07"]
[WhiteClock "0:00:06"]
[BlackClock "0:00:09"]

1. d4 d5 2. c4 e6 3. Nc3 Be7 4. Nf3 Nf6 5. e3 O-O 6. Bd3 dxc4 7. Bxc4 a6 8. a4 c5 9. O-O cxd4 10. exd4 Nc6 11. Re1 Nb4 12. Ne5 Nbd5 13. Qd3 Bd7 14. Bxd5 Nxd5 15. Nxd5 exd5 16. Bf4 Be6 17. Qb3 Qa5 18. Qxb7 Qb4 19. Qxb4 Bxb4 20. Rec1 Rfc8 21. Nc6 Bf8 22. b4 Bd7 23. Ne5 Rxc1+ 24. Bxc1 Be8 25. Bd2 Rc8 26. Kf1 Rc2 27. Ke2 Bxb4 28. Nf3 f6 29. Kd3 Bg6+ 30. Ke3 Bd6 31. Rc1 Ra2 32. Rc8+ Kf7 33. Rc6 Ke7 34. Rxa6 Be8 35. Ra7+ Kf8 36. Ra6 Be7 37. a5 Ra3+ 38. Kf4 g5+ 39. Kg3 h5 40. h4 g4 0-1


[Site "https://www.chess.com"]

[Event "Titled Tuesday Blitz December 06 Late 2022"]
[White "Firouzja, Alireza"]
[Black "Kalogeris, Ioannis"]
[WhiteFideId "12573981"]
[BlackFideId "4239563"]
[WhiteElo "2904"]
[BlackElo "2312"]
[Result "1-0"]
[Round "01"]
[TimeControl "180+1"]
[Date "2022.12.06"]
[WhiteClock "0:00:54"]
[BlackClock "0:00:03"]

1. d4 d5 2. Bg5 Nd7 3. e3 Ngf6 4. Nf3 e6 5. c4 h6 6. Bh4 g5 7. Bg3 Ne4 8. Nc3 Bb4 9. Qb3 a5 10. cxd5 exd5 11. a3 Bxc3+ 12. bxc3 Nb6 13. Bb5+ Bd7 14. Ne5 Bxb5 15. Qxb5+ c6 16. Qd3 Nd6 17. O-O f5 18. f3 O-O 19. Rae1 Nbc4 20. Nxc4 Nxc4 21. e4 f4 22. exd5 Rf6 23. Qxc4 cxd5 24. Qd3 fxg3 25. hxg3 Qd6 26. Re5 Raf8 27. Rfe1 a4 28. Re7 R8f7 29. Rxf7 Rxf7 30. Kh2 Kg7 31. c4 dxc4 32. Qxc4 Qxa3 33. Re8 Qb3 34. Qc8 h5 35. Rg8+ Kh6 36. Qd8 Qb5 37. Qd6+ 1-0


[Site "https://www.chess.com"]

[Event "Titled Tuesday Blitz December 06 Late 2022"]
[White "Forgacs, Attila Jr."]
[Black "Nazari, Arad"]
[WhiteFideId "773654"]
[BlackFideId "12577324"]
[WhiteElo "2168"]
[BlackElo "2264"]
[Result "0-1"]
[Round "01"]
[TimeControl "180+1"]
[Date "2022.12.07"]
[WhiteClock "0:00:33"]
[BlackClock "0:00:17"]

1. e4 c5 2. d3 g6 3. g3 Bg7 4. Bg2 d6 5. f4 Nc6 6. Nf3 e6 7. O-O Nge7 8. Nc3 O-O 9. Be3 Rb8 10. a4 a6 11. Qd2 b5 12. axb5 axb5 13. Ne2 Bb7 14. Rab1 Qc7 15. g4 f5 16. gxf5 exf5 17. Ng3 Rbe8 18. Ng5 Bc8 19. exf5 Nxf5 20. Bd5+ Kh8 21. Nxf5 Bxf5 22. Rbe1 Nb4 23. Be4 Bxe4 24. dxe4 Nc6 25. c3 h6 26. Nf3 Rxe4 27. Qd3 Rfe8 28. Bd2 Rxe1 29. Rxe1 Rxe1+ 30. Bxe1 Ne7 31. Bh4 Nf5 32. Bf2 Qc6 33. Nd2 c4 34. Qe4 d5 35. Qf3 Kh7 36. Nf1 Qd6 37. Ng3 Nxg3 38. hxg3 Qe6 39. Kf1 g5 40. fxg5 hxg5 41. Qh5+ Bh6 42. Bd4 Qg6 43. Qe2 Qe4 44. Qxe4+ dxe4 45. g4 Bg7 46. Bc5 Be5 47. Ke2 Bf4 48. Be7 Kg6 49. Ba3 Kf7 50. Kf2 Ke6 51. Ke2 Kd5 52. Be7 Bc1 53. Ba3 Ke5 54. Kd1 Be3 55. Ke2 Bf4 56. Ke1 Bc1 57. Kd1 Be3 58. Ke2 Bb6 59. Be7 Kf4 60. Bf6 Kxg4 61. Bg7 Kf5 62. Bd4 Bxd4 63. cxd4 Ke6 64. Ke3 Kd5 65. Kf2 Kxd4 66. Ke2 g4 67. Kd2 g3 68. Ke2 g2 69. Kf2 Kd3 70. Kg1 Kc2 71. Kxg2 Kxb2 72. Kf2 c3 73. Ke3 b4 74. Kd4 b3 75. Kc4 c2 76. Kd4 c1=Q 77. Ke5 Qc2 78. Kf4 Qd3 79. Ke5 e3 80. Kf4 e2 81. Ke5 e1=Q+ 82. Kf4 Qde4+ 83. Kg5 Q1h4# 0-1


[Site "https://www.chess.com"]

[Event "Titled Tuesday Blitz December 06 Late 2022"]
[White "Gallo Garcia, Kemel Antonio"]
[Black "Szyszylo, Rafal"]
[WhiteFideId "3523896"]
[BlackFideId "1109626"]
[WhiteElo "2359"]
[BlackElo "1981"]
[Result "1/2-1/2"]
[Round "01"]
[TimeControl "180+1"]
[Date "2022.12.07"]
[WhiteClock "0:00:12"]
[BlackClock "0:00:06"]

1. e4 d6 2. d4 Nf6 3. Nc3 g6 4. f4 Bg7 5. a3 O-O 6. Nf3 Nc6 7. e5 Ng4 8. Be2 dxe5 9. fxe5 f6 10. h3 Nh6 11. exf6 exf6 12. O-O Nf5 13. Bc4+ Kh8 14. d5 Ne5 15. Nxe5 fxe5 16. Ne4 h6 17. c3 Nd6 18. Bd3 Bf5 19. Qe2 Qh4 20. Nxd6 cxd6 21. Be3 e4 22. Bc2 Be5 23. Qe1 Bg3 24. Bf2 Bxf2+ 25. Qxf2 Qxf2+ 26. Rxf2 e3 27. Re2 Bxc2 28. Rxc2 Rae8 29. Re1 Rf5 30. c4 b5 31. b3 bxc4 32. bxc4 Rf4 33. Rc3 Rfe4 34. Kf1 e2+ 35. Kg1 Kg7 36. c5 dxc5 37. Rxc5 Rd4 38. Kf2 Rf4+ 39. Kg3 Rd4 40. Kf3 Rd3+ 41. Kf2 Rxa3 42. Rc7+ Kf6 43. Rxe2 Rxe2+ 44. Kxe2 Ke5 45. Rg7 g5 46. d6 Ra6 47. d7 Rd6 48. d8=Q Rxd8 49. Rxa7 Rd6 50. Kf3 Kf5 51. Rg7 h5 52. Kg3 h4+ 53. Kh2 Rd3 54. Ra7 Kf4 55. Ra4+ Kf5 56. Kg1 Rd2 57. Kf1 Ke5 58. Rb4 Rc2 59. Rg4 Kf5 60. Rb4 Ra2 61. Rb3 Rc2 62. Re3 Ra2 63. Rf3+ Ke5 64. Kg1 Rb2 65. Kh2 Ra2 66. Re3+ Kf5 67. Re1 Rb2 68. Kg1 Ra2 69. Rf1+ Ke5 70. Rb1 Rc2 71. Rb3 Kf5 72. g3 hxg3 73. Rxg3 Kf4 74. Rg4+ Kf5 75. Kf1 Rd2 76. Ke1 Rh2 77. Rg3 Kf4 78. Ra3 Kf5 79. Kf1 Kg6 80. Kg1 Rc2 81. Ra4 Kh5 82. Kh1 Rd2 83. Kg1 Rc2 84. Rg4 Rb2 85. Rg2 Rxg2+ 86. Kxg2 g4 87. Kg3 gxh3 88. Kxh3 1/2-1/2


[Site "https://www.chess.com"]

[Event "Titled Tuesday Blitz December 06 Late 2022"]
[White "Gasparyan, David"]
[Black "Matinian, Nikita"]
[WhiteFideId "13311980"]
[BlackFideId "24129100"]
[WhiteElo "2375"]
[BlackElo "2422"]
[Result "1-0"]
[Round "01"]
[TimeControl "180+1"]
[Date "2022.12.07"]
[WhiteClock "0:00:48"]
[BlackClock "0:00:28"]

1. e4 c5 2. Ne2 g6 3. Nbc3 Bg7 4. h4 h5 5. d3 Nc6 6. Be3 Nd4 7. Nf4 d6 8. Be2 Nf6 9. Ncd5 Ng4 10. Bxg4 Bxg4 11. f3 Bd7 12. c3 Nc6 13. Bf2 e6 14. Ne3 b5 15. Qc2 Qc7 16. O-O Rc8 17. a4 b4 18. Nc4 O-O 19. Bg3 Ne5 20. Ne2 Nxc4 21. dxc4 e5 22. Rad1 Be6 23. b3 f5 24. Qd3 f4 25. Bf2 Rfd8 26. cxb4 cxb4 27. a5 Bf6 28. Ra1 Kh7 29. Ra4 Rb8 30. Rd1 g5 31. hxg5 Bxg5 32. a6 Qg7 33. Qd2 h4 34. Rxb4 Rxb4 35. Qxb4 h3 36. g4 fxg3 37. Nxg3 Be3 38. Kf1 Rg8 39. Qb7 Bf7 40. Bxe3 h2 41. Ke2 Qxg3 42. Qxf7+ Rg7 43. Qh5+ Kg8 44. Rxd6 Qg2+ 45. Bf2 Rg6 1-0


[Site "https://www.chess.com"]

[Event "Titled Tuesday Blitz December 06 Late 2022"]
[White "Gatterer, Florian"]
[Black "Rosenthal, Nicholas"]
[WhiteFideId "811688"]
[BlackFideId "2045150"]
[WhiteElo "2218"]
[BlackElo "2182"]
[Result "1/2-1/2"]
[Round "01"]
[TimeControl "180+1"]
[Date "2022.12.07"]
[WhiteClock "0:01:06"]
[BlackClock "0:02:18"]

1. b3 e5 2. Bb2 Nc6 3. e3 Nf6 4. Nf3 d6 5. d4 exd4 6. Nxd4 Nxd4 7. Qxd4 Be7 8. Nc3 O-O 9. O-O-O Re8 10. Nd5 Be6 11. Nxe7+ Qxe7 12. h3 d5 13. Bd3 c5 14. Qh4 c4 15. Bxf6 Qxf6 16. Qxf6 gxf6 17. Be2 b5 18. Bf3 Red8 19. Rd4 a5 20. Rhd1 cxb3 21. cxb3 a4 22. Kb2 1/2-1/2


[Site "https://www.chess.com"]

[Event "Titled Tuesday Blitz December 06 Late 2022"]
[White "Gerbelli Neto, Eduardo"]
[Black "Ambartsumova, Karina"]
[WhiteFideId "2103281"]
[BlackFideId "4166299"]
[WhiteElo "2178"]
[BlackElo "2319"]
[Result "0-1"]
[Round "01"]
[TimeControl "180+1"]
[Date "2022.12.07"]
[WhiteClock "0:00:33"]
[BlackClock "0:00:14"]

1. e4 e5 2. Nf3 Nc6 3. d4 exd4 4. Nxd4 Bc5 5. Be3 Qf6 6. Nb5 Bxe3 7. fxe3 Qd8 8. Qg4 Nf6 9. Qxg7 Rg8 10. Nxc7+ Ke7 11. Nd5+ Nxd5 12. Qh6 Nf6 13. Nc3 d6 14. O-O-O Be6 15. Nd5+ Bxd5 16. exd5 Ne5 17. Be2 Rg6 18. Qh4 Kf8 19. Rhf1 Kg8 20. h3 Nfd7 21. Qf2 Qa5 22. a3 Rc8 23. Bd3 Nxd3+ 24. Rxd3 Ne5 25. Rd4 Qc5 26. Kb1 a5 27. g4 b5 28. Qf5 b4 29. axb4 axb4 30. Rxb4 Qxb4 31. Qxc8+ Kg7 32. Qf5 Qb7 33. e4 Nc4 0-1


[Site "https://www.chess.com"]

[Event "Titled Tuesday Blitz December 06 Late 2022"]
[White "Girsh, Daniel"]
[Black "Maksimovic, Bojan"]
[WhiteFideId "30949190"]
[BlackFideId "14408120"]
[WhiteElo "2075"]
[BlackElo "2462"]
[Result "0-1"]
[Round "01"]
[TimeControl "180+1"]
[Date "2022.12.07"]
[WhiteClock "0:00:49"]
[BlackClock "0:00:40"]

1. e4 c5 2. Nf3 e6 3. d4 cxd4 4. Nxd4 a6 5. c4 Nf6 6. Nc3 Qc7 7. a3 b6 8. Be2 Bb7 9. f3 d6 10. Be3 Nbd7 11. O-O Be7 12. Rc1 O-O 13. b4 Rac8 14. Qd2 Rfe8 15. Rfd1 Qb8 16. Nb3 Bd8 17. Bf1 Bc7 18. Bf4 Ne5 19. Bxe5 dxe5 20. c5 bxc5 21. Nxc5 Bb6 22. Na4 Ba7 23. Kh1 Rcd8 24. Qe1 Rd4 25. Nxa6 Bxa6 26. Bxa6 h5 27. Nc5 Red8 28. Rxd4 exd4 29. Nd3 Qb6 30. b5 Bb8 31. Rc6 Qa7 32. Qa5 Qe7 33. Qxd8+ Qxd8 34. Rc8 Qxc8 35. Bxc8 Bc7 36. Kg1 Kf8 37. Kf1 Ke7 38. Ke1 Ne8 39. Bb7 Nd6 40. Bc6 Nc4 41. a4 Bxh2 42. f4 f6 43. Kf2 g5 44. g3 h4 45. gxh4 gxh4 46. Kg2 Bg3 47. Kh3 Kd6 48. Kg4 Kc7 49. Nc5 e5 50. f5 Kd6 51. Kf3 Kxc5 52. Bd5 Nb6 53. a5 Nxd5 54. exd5 Kxd5 55. a6 e4+ 56. Kg4 Bb8 57. b6 Kc6 58. a7 Bxa7 59. bxa7 Kb7 60. Kxh4 d3 61. Kg4 d2 62. Kf4 d1=Q 63. Kxe4 Qc2+ 64. Kf4 Qc4+ 65. Kf3 Kxa7 66. Kg3 Kb7 67. Kf3 Kc7 68. Kg3 Kd7 69. Kf3 Ke7 70. Kg3 Kf7 71. Kf3 Kg7 72. Kg3 Kh7 73. Kh3 Kh8 74. Kg3 Kg8 75. Kf3 Kg7 76. Ke3 Kh6 77. Kf3 Kh5 78. Kg3 Kg5 79. Kh3 Kxf5 80. Kh2 Ke5 81. Kh1 Ke6 82. Kg1 Kd6 83. Kh1 Kd5 84. Kg1 Kc5 85. Kf2 Kc6 86. Ke1 Kb6 87. Kd2 Kb5 88. Ke3 Kb4 89. Kf3 Ka4 90. Kg2 Ka3 91. Kh1 Kb3 92. Kg1 Kb2 93. Kh1 Ka2 94. Kg1 Ka1 95. Kh1 Kb1 96. Kh2 Qg4 97. Kh1 Kc2 98. Kh2 Kc3 99. Kh1 Kc4 100. Kh2 Kd4 101. Kh1 Ke4 102. Kh2 Kf4 103. Kh1 Kf3 104. Kh2 Kf2 105. Kh1 Qg2# 0-1


[Site "https://www.chess.com"]

[Event "Titled Tuesday Blitz December 06 Late 2022"]
[White "Goncalves, Davi Sulzbacher"]
[Black "Quesada Perez, Yuniesky"]
[WhiteFideId "2154510"]
[BlackFideId "3504409"]
[WhiteElo "2182"]
[BlackElo "2600"]
[Result "0-1"]
[Round "01"]
[TimeControl "180+1"]
[Date "2022.12.06"]
[WhiteClock "0:00:05"]
[BlackClock "0:01:03"]

1. d4 d5 2. Nf3 Nf6 3. c4 c6 4. Nc3 e6 5. g3 Nbd7 6. Bg2 dxc4 7. O-O Be7 8. e4 O-O 9. a4 e5 10. dxe5 Ng4 11. e6 fxe6 12. Nd4 Nde5 13. h3 Nd3 14. Nxc6 Ngxf2 15. Nxe7+ Qxe7 16. Qe2 Nxc1 17. Raxc1 Nd3 18. Rxf8+ Qxf8 19. Rf1 Qc5+ 20. Kh2 Bd7 21. e5 Bc6 22. Qg4 Qxe5 23. Bxc6 bxc6 24. Qxc4 Nxb2 25. Qb3 Rb8 26. Qc2 Nc4 27. Ne2 Ne3 0-1


[Site "https://www.chess.com"]

[Event "Titled Tuesday Blitz December 06 Late 2022"]
[White "Grot, Blazej"]
[Black "Postnikov, Daniil"]
[WhiteFideId "21835845"]
[BlackFideId "4166329"]
[WhiteElo "1823"]
[BlackElo "2261"]
[Result "0-1"]
[Round "01"]
[TimeControl "180+1"]
[Date "2022.12.07"]
[WhiteClock "0:00:20"]
[BlackClock "0:01:40"]

1. e4 e6 2. d3 d5 3. Nd2 Nf6 4. Ngf3 c5 5. c3 g6 6. Qc2 Bg7 7. g3 O-O 8. Bg2 Nc6 9. O-O a5 10. Re1 b5 11. h4 b4 12. Nf1 Ba6 13. N1h2 dxe4 14. dxe4 Bd3 15. Qa4 Qb6 16. e5 Nd5 17. Qd1 c4 18. h5 bxc3 19. bxc3 Nxc3 20. Qd2 Ne4 21. Qe3 Qxe3 22. Bxe3 Nxe5 23. Nxe5 Bxe5 24. Rac1 Bb2 25. Bxe4 Bxc1 26. Bxa8 Bxe3 27. hxg6 Bd2 28. gxh7+ Kg7 29. Re5 Rxa8 30. Ng4 c3 31. f4 c2 32. Rg5+ Kh8 33. Nf6 c1=Q+ 34. Kh2 Bg6 35. f5 Bxg5 36. fxg6 Bxf6 37. g7+ Kxg7 0-1


[Site "https://www.chess.com"]

[Event "Titled Tuesday Blitz December 06 Late 2022"]
[White "Guzman Moneo, Alberto"]
[Black "Averjanov, Alexey"]
[WhiteFideId "2209616"]
[BlackFideId "14109867"]
[WhiteElo "2157"]
[BlackElo "2669"]
[Result "0-1"]
[Round "01"]
[TimeControl "180+1"]
[Date "2022.12.07"]
[WhiteClock "0:00:07"]
[BlackClock "0:00:06"]

1. c4 c5 2. Nf3 Nc6 3. d4 cxd4 4. Nxd4 g6 5. Nc3 Bg7 6. e3 Nf6 7. Be2 Nxd4 8. Qxd4 O-O 9. O-O d6 10. Rd1 Be6 11. Qd2 Rc8 12. b3 Ne4 13. Nxe4 Bxa1 14. Ng5 Qd7 15. Ba3 Bf6 16. Ne4 Bg7 17. c5 d5 18. Nc3 Rfd8 19. Bb5 Qc7 20. Ne2 Bd7 21. Bd3 b6 22. Rc1 bxc5 23. Bxc5 Be8 24. Bd4 Qb7 25. Rd1 Bxd4 26. Nxd4 e5 27. Ne2 Bb5 28. h4 Bxd3 29. Qxd3 h5 30. Ng3 Qc6 31. Qe2 Qc2 32. Rd2 Qb1+ 33. Kh2 Rc1 34. Qa6 Rc2 35. Qa5 Rxd2 36. Qxd8+ Kg7 37. Qg5 Rxf2 38. Nxh5+ Kg8 39. Nf6+ Rxf6 40. Qxf6 Qe4 41. Qd8+ Kg7 42. Qg5 d4 43. exd4 exd4 44. h5 d3 45. hxg6 fxg6 46. Qd2 Qe2 47. Qc3+ Kh7 48. Qc7+ Kh6 49. Qf4+ Kg7 50. Qc7+ Kf6 51. Qd6+ Kf5 52. Qf8+ Ke4 53. Qe7+ Kd4 54. Qb4+ Ke3 55. Qe7+ Kd2 56. Qb4+ Kd1 57. Qc3 d2 58. Qa1+ Kc2 59. a4 d1=Q 60. Qa2+ Kc3 61. Qa3 Qe5+ 62. Kh3 Qdh5# 0-1


[Site "https://www.chess.com"]

[Event "Titled Tuesday Blitz December 06 Late 2022"]
[White "Harshavardhan G B"]
[Black "Mazurkiewicz, Michal"]
[WhiteFideId "25059009"]
[BlackFideId "1124943"]
[WhiteElo "2323"]
[BlackElo "2081"]
[Result "1-0"]
[Round "01"]
[TimeControl "180+1"]
[Date "2022.12.07"]
[WhiteClock "0:00:33"]
[BlackClock "0:00:11"]

1. d4 Nf6 2. c4 e5 3. dxe5 Ng4 4. Bf4 g5 5. Bg3 Bg7 6. Nf3 Nc6 7. Nc3 Ngxe5 8. Nxe5 Nxe5 9. e3 d6 10. h4 h6 11. Be2 Be6 12. hxg5 hxg5 13. Rxh8+ Bxh8 14. Qb3 b6 15. O-O-O Kf8 16. Nd5 Qd7 17. Qc2 Qc6 18. Kb1 Bg7 19. f4 gxf4 20. exf4 Nd7 21. Bf3 Re8 22. Nf6 Qxc4 23. Qxc4 Bxc4 24. Nxd7+ Kg8 25. Bc6 Be2 26. Re1 1-0


[Site "https://www.chess.com"]

[Event "Titled Tuesday Blitz December 06 Late 2022"]
[White "Hoffmann, Asa"]
[Black "Sargsyan, Anna M."]
[WhiteFideId "2001470"]
[BlackFideId "13308130"]
[WhiteElo "2117"]
[BlackElo "2284"]
[Result "0-1"]
[Round "01"]
[TimeControl "180+1"]
[Date "2022.12.07"]
[WhiteClock "0:00:01"]
[BlackClock "0:01:13"]

1. d4 d5 2. Bg5 Bf5 3. c4 c6 4. Nc3 dxc4 5. e4 Bg6 6. Bxc4 Nd7 7. Nf3 Qb6 8. Bb3 Ngf6 9. Qe2 e6 10. O-O Bb4 11. e5 Nd5 12. Ne4 h6 13. Bd2 O-O 14. Rfe1 Bxd2 15. Qxd2 Rfd8 16. Nd6 Ne7 17. Bc2 c5 18. Bxg6 Nxg6 19. Rad1 cxd4 20. Qxd4 Qa6 21. a3 Nb6 22. Qe4 Nd5 23. Rxd5 exd5 24. Qxd5 Rd7 25. h4 Nf4 26. Qe4 Ne6 27. Qf5 Rf8 28. Rc1 Qb6 29. b4 Rc7 30. Re1 Nd4 31. Nxd4 Qxd4 32. g3 Rc3 33. Qe4 Rxg3+ 34. Kf1 Qxe4 35. Rxe4 Rxa3 36. Rc4 a5 37. b5 Rb3 38. Rc7 b6 39. Nf5 Rxb5 40. Ne7+ Kh7 41. Nc6 a4 42. Ra7 Rc5 43. Ne7 Rxe5 0-1


[Site "https://www.chess.com"]

[Event "Titled Tuesday Blitz December 06 Late 2022"]
[White "Huber, Benedikt"]
[Black "Jaferian, Koosha"]
[WhiteFideId "12923583"]
[BlackFideId "12507440"]
[WhiteElo "2199"]
[BlackElo "2127"]
[Result "1-0"]
[Round "01"]
[TimeControl "180+1"]
[Date "2022.12.07"]
[WhiteClock "0:01:20"]
[BlackClock "0:00:20"]

1. Nf3 d5 2. g3 g6 3. Bg2 Bg7 4. O-O e5 5. d3 Ne7 6. c4 c6 7. a3 O-O 8. Qc2 h6 9. Nc3 Be6 10. Rd1 Nd7 11. b3 Rc8 12. e3 Qc7 13. Bb2 Rfd8 14. Rac1 Kh7 15. Qb1 Qb8 16. Qa1 f5 17. Ne2 Rg8 18. b4 e4 19. dxe4 fxe4 20. Nfd4 Bf7 21. Bh3 Rcd8 22. Ne6 Bxe6 23. Bxe6 Ne5 24. Bxg8+ Rxg8 25. cxd5 Nf3+ 26. Kg2 Nxd5 27. Nf4 Nxf4+ 28. exf4 Qc8 29. Bxg7 Rxg7 30. Qf6 Qg4 31. Rd8 Qh5 32. h3 Qb5 33. Qf8 g5 34. Qh8+ Kg6 35. Rd6+ Kh5 36. Qxh6# 1-0


[Site "https://www.chess.com"]

[Event "Titled Tuesday Blitz December 06 Late 2022"]
[White "Issani, Nameer"]
[Black "Romero Ruscalleda, Josep"]
[WhiteFideId "2619130"]
[BlackFideId "2231859"]
[WhiteElo "2643"]
[BlackElo "2183"]
[Result "1-0"]
[Round "01"]
[TimeControl "180+1"]
[Date "2022.12.07"]
[WhiteClock "0:00:48"]
[BlackClock "0:00:04"]

1. d4 g6 2. c4 Bg7 3. Nc3 d6 4. e4 e5 5. Nf3 Nc6 6. d5 Nce7 7. Be3 f5 8. Be2 Nf6 9. O-O O-O 10. Ne1 f4 11. Bd2 c5 12. Nd3 g5 13. f3 h5 14. a4 g4 15. a5 a6 16. b4 cxb4 17. Na4 Ng6 18. c5 Nh4 19. cxd6 Bd7 20. Nb6 Rb8 21. Qe1 gxf3 22. gxf3 Nxe4 23. Kh1 Nxd2 24. Qxd2 Bh3 25. Rg1 Qxd6 26. Qxb4 Qxb4 27. Nxb4 e4 28. Ra3 exf3 29. Rxf3 Nxf3 30. Bxf3 Rbd8 31. Nd3 Bf5 32. Nxf4 Bg4 33. Bxg4 hxg4 34. Ne6 Rd6 35. Rxg4 Rf7 36. h4 Kh7 37. Ng5+ Kg8 38. Nxf7 Kxf7 39. Rc4 Kg6 40. Rc7 Bc3 41. Rxc3 Kh5 42. Rc7 Kg4 43. Rxb7 Kh3 44. Kg1 Rf6 45. Nc4 Rf4 46. Rb3+ Kxh4 47. Nd2 Ra4 48. Rd3 Rxa5 49. d6 Rg5+ 50. Kf2 Rg8 51. Nf3+ Kg4 52. d7 Rd8 53. Ne5+ Kf5 54. Nc6 Rf8 55. d8=Q Ke4+ 56. Qxf8 1-0


[Site "https://www.chess.com"]

[Event "Titled Tuesday Blitz December 06 Late 2022"]
[White "Jaskolka, Tomasz"]
[Black "Zhigalko, Sergei"]
[WhiteFideId "1170791"]
[BlackFideId "13502956"]
[WhiteElo "2126"]
[BlackElo "2662"]
[Result "0-1"]
[Round "01"]
[TimeControl "180+1"]
[Date "2022.12.06"]
[WhiteClock "0:00:30"]
[BlackClock "0:01:24"]

1. e4 c5 2. Nf3 Nc6 3. Bb5 Nf6 4. e5 Nd5 5. Nc3 Nc7 6. Bxc6 dxc6 7. O-O h6 8. Re1 Bf5 9. d3 Ne6 10. Ne4 g5 11. b3 Bg7 12. Bb2 Qd5 13. c4 Qd7 14. d4 cxd4 15. Nxd4 Nxd4 16. Qxd4 Qxd4 17. Bxd4 O-O-O 18. Bc3 Rd3 19. Bb4 Bxe5 20. Nc5 Bxa1 21. Nxd3 Bf6 22. Ne5 Be6 23. f3 Rd8 24. Kf2 c5 25. Bc3 Kc7 26. g3 b6 27. f4 gxf4 28. Ba1 Rd2+ 29. Kf3 fxg3 30. hxg3 Rxa2 31. Bc3 Ra3 32. Kf4 Rxb3 33. Ba1 Bg5+ 34. Ke4 f5# 0-1


[Site "https://www.chess.com"]